 Dungeon Crawl Stone Soup version 0.29.0-13-gc9e81de378 (webtiles) character file.

Game seed: 8756819979864757016

561 nickcage the Sneak (level 7, 0/32 HPs)
             Began as a Spriggan Enchanter on Sept 8, 2022.
             Was an Initiate of Dithmenos.
             Killed by divine providence
             ... invoked by an orc priest
              (17 damage)
             ... on level 5 of the Dungeon.
             The game lasted 00:23:11 (5728 turns).

nickcage the Sneak (Spriggan Enchanter)             Turns: 5728, Time: 00:23:11

Health: 0/32       AC:  3    Str:  4    XL:     7   Next: 9%
Magic:  9/12       EV: 17    Int: 16    God:    Dithmenos [......]
Gold:   183        SH:  0    Dex: 18    Spells: 7/12 levels left

rFire   + . .      SeeInvis +   a - +1 dagger (vorpal)
rCold   + . .      Faith    .   (no shield)
rNeg    . . .      Spirit   .   b - +1 robe
rPois   .          Reflect  .   (helmet restricted)
rElec   .          Harm     .   (no cloak)
rCorr   .          Rampage  .   (gloves unavailable)
Will    +....                   (boots unavailable)
Stlth   ++........              (no amulet)
HPRegen 0.10/turn               f - ring of protection from fire
MPRegen 0.13/turn               j - ring of protection from cold

@: confused, very quick
A: very small, no large weapons, unfitting armour, see invisible, speed 3
a: Renounce Religion


You were on level 5 of the Dungeon.
You worshipped Dithmenos.
Dithmenos was noncommittal.
You visited 2 branches of the dungeon, and saw 8 of its levels.

You collected 183 gold pieces.

Inventory:

Hand Weapons
 a - a +1 vorpal dagger (weapon)
 t - a +0 rapier
Missiles
 i - 2 boomerangs
 o - a throwing net
Armour
 b - a +1 robe (worn)
Jewellery
 f - a ring of protection from fire (left hand)
 j - a ring of protection from cold (right hand)
 l - a ring of ice
Wands
 r - a wand of quicksilver (12)
Scrolls
 d - 2 scrolls of amnesia
 h - a scroll of torment
 k - a scroll of fear
 m - a scroll of brand weapon
Potions
 c - 3 potions of invisibility
 e - 7 potions of curing {unknown}
 g - a potion of flight {unknown}
 n - 2 potions of cancellation {unknown}
 p - 2 potions of heal wounds
 q - 2 potions of resistance {unknown}
 s - a potion of degeneration {unknown}


   Skills:
 + Level 0.7 Fighting
 * Level 6.3 Short Blades
 - Level 2.6 Dodging
 - Level 7.1 Stealth
 - Level 3.0 Spellcasting
 - Level 5.0 Hexes


You had 7 spell levels left.
You knew the following spells:

 Your Spells              Type           Power      Damage    Failure   Level
a - Ensorcelled Hibernat  Hex/Ice        20%        N/A       10%         2
b - Tukima's Dance        Hex            18%        N/A       7%          3

Your spell library contained the following spells:

 Spells                   Type           Power      Damage    Failure   Level
 Confusing Touch          Hex            18%        N/A       7%          3
 Dazzling Flash           Conj/Hex       20%        N/A       21%         3
 Passage of Golubria      Tloc           2%         N/A       88%         4
 Yara's Violent Unravell  Hex/Tmut       5%         3d4       88%         5


Dungeon Overview and Level Annotations

Branches:
Dungeon (7/15)             Temple (1/1) D:4

Altars:
Ashenzari
Dithmenos
Elyvilon
Fedhas
Gozag
Makhleb
Nemelex Xobeh
Okawaru
Qazlal
Ru
Sif Muna
Uskayaw
Vehumet
Xom
Zin
The Shining One


Innate Abilities, Weirdness & Mutations

You are very small and have problems with some larger weapons.
You are too small for most types of armour.
You have supernaturally acute eyesight. (SInv)
You cover ground extremely quickly. (Speed+++)


Message History

Dithmenos accepts your kill.
An orc priest comes into view. It is wielding a +0 whip.
Found an escape hatch in the ceiling.
The orc wizard shouts!
The orc priest shouts!
The orc shouts!
The orc misses you.
An orc comes into view. It is wielding a +0 hand axe.
The orc resists with significant effort.
You hit the orc but do no damage. The orc misses you.
You hit the orc.
The orc is moderately wounded.
You barely miss the orc.
The orc is moderately wounded.
The orc barely misses you.
Aiming: Ensorcelled Hibernation (safe; 10% risk of failure)
Press: ? - help, Q - select action, (/) - cycle Shift-Dir - straight line, f - orc wizard, p - orc
Aim: an orc wizard, wielding a +0 dagger and wearing a +0 robe (chance to affect: 44%)
The orc wizard resists with some effort.
The orc wizard casts a spell at you.
You are confused.
The orc completely misses you.
You bump into the rock wall.
The orc wizard gestures at you while chanting.
You are more confused.
The orc completely misses you.
You bump into the rock wall.
You're too confused to move!
The orc hits you but does no damage. The orc wizard casts a spell at you.
The magic dart hits you.
The orc priest miscasts a cantrip.
You bump into the rock wall.
You bump into the rock wall.
The orc wizard gestures wildly while chanting.
The orc wizard flickers and vanishes for a moment.
The orc priest mumbles some strange prayers to Beogh against you.
Beogh smites you!
You're too confused to move!
The orc priest mumbles some strange prayers to Beogh against you.
Beogh smites you!
Ouch! That really hurt!
You die...

#.. ... ### .#
.# ..# 8.# ..
.# #######.##
##.
##.@o##...#....
#<.8..oo8...#
##...##o..###
#######.## .#
o. 8.# ..# <##


You could see an orc priest, an orc wizard (invisible) and 2 orcs.

Vanquished Creatures
  A phantom (D:4)
  A necrophage (D:6)
  A howler monkey (D:7)
  A bullfrog zombie (D:6)
  A gnoll bouda (D:4)
  Ijyb (D:4)
  Natasha (thrice) (D:4)
  Terence (D:3)
  An iguana (D:4)
  8 gnolls
  3 adders
  2 dart slugs
  3 orcs
  9 endoplasms
  2 giant cockroaches
  16 goblins
  5 hobgoblins
  2 jackals (D:1)
  6 kobolds
  3 quokkas
  2 ball pythons
  4 bats
  3 frilled lizards (D:1)
  4 rats
83 creatures vanquished.

Vanquished Creatures (others)
  3 withered plants (D:6)
3 creatures vanquished.

Grand Total: 86 creatures vanquished

Notes
Turn   | Place    | Note
-------+----------+-------------------------------------------
     0 | D:1      | nickcage the Spriggan Enchanter began the quest for the
                  | Orb.
     0 | D:1      | Reached XP level 1. HP: 9/9 MP: 5/5
    74 | D:1      | Reached XP level 2. HP: 12/13 MP: 6/6
    80 | D:1      | Learned a level 2 spell: Ensorcelled Hibernation
   712 | D:1      | Reached skill level 5 in Hexes
   919 | D:1      | Reached XP level 3. HP: 16/16 MP: 5/8
  1497 | D:2      | Reached skill level 5 in Stealth
  2258 | D:3      | Found a blossoming altar of Fedhas.
  2271 | D:3      | Found an opulent altar of Gozag.
  2486 | D:3      | Reached skill level 6 in Stealth
  2490 | D:3      | Learned a level 3 spell: Tukima's Dance
  2572 | D:3      | Reached XP level 4. HP: 21/21 MP: 2/9
  2814 | D:3      | Found an iron altar of Okawaru.
  2917 | D:3      | Found a glowing silver altar of Zin.
  2919 | D:3      | Found a glowing golden altar of the Shining One.
  2919 | D:3      | Noticed Terence
  2930 | D:3      | Killed Terence
  2931 | D:3      | Reached skill level 7 in Stealth
  2994 | D:3      | Found a white marble altar of Elyvilon.
  3195 | D:4      | Noticed a phantom
  3201 | D:4      | Reached XP level 5. HP: 21/24 MP: 5/10
  3452 | D:4      | Noticed Natasha
  3472 | D:4      | Killed Natasha
  3595 | D:4      | Found a radiant altar of Vehumet.
  3659 | D:4      | Noticed Natasha
  3680 | D:4      | Killed Natasha
  3724 | D:4      | Noticed Natasha
  3731 | D:4      | Killed Natasha
  3859 | D:4      | Found a staircase to the Ecumenical Temple.
  3937 | D:4      | Reached XP level 6. HP: 28/28 MP: 4/11
  4232 | Temple   | Entered the Ecumenical Temple
  4349 | Temple   | Became a worshipper of Dithmenos the Shadowed
  4633 | D:4      | Reached skill level 5 in Short Blades
  4764 | D:4      | Noticed Ijyb
  4770 | D:4      | Killed Ijyb
  4881 | D:4      | You fall into a shaft and drop 3 floors!
  4888 | D:7      | Noticed a steam dragon
  4917 | D:7      | Found a hide-covered altar of Uskayaw.
  5378 | D:6      | Reached XP level 7. HP: 16/32 MP: 12/12
  5381 | D:5      | Entered Level 5 of the Dungeon
  5659 | D:4      | Found a sparkling altar of Nemelex Xobeh.
  5728 | D:5      | Killed from afar by an orc priest

Illustrated notes

Levels and vault maps discovered:
D:1:      lightli_arrival_farm, layout_rooms
D:2:      layout_loops_ring, corexii_shack
D:3:      layout_rooms, good_gods_temple_1, fedhas_altar_1,
          mainiacjoe_overflow_concentric_impassable, okawaru_trees_1,
          minmay_goblin_outpost, uniq_terence
D:4:      layout_rooms, nicolae_vehumet_altar_sigil, nemelex_dance_club_becter,
          minmay_temple_entry_mist, uniq_natasha, uniq_ijyb
D:5:      layout_loops_corners, grunt_ministairs_5, uniq_sigmund,
          uniq_prince_ribbit1
D:6:      layout_loops_ring, serial_undead, serial_undead_b, serial_undead_e,
          serial_undead_b, serial_undead_c, serial_undead_e, serial_undead_d
D:7:      layout_basic, lemuel_crystal_altar, nicolae_wu_jian_glorious_leap,
          uniq_pikel
Temple:   hellmonk_temple_beads

Skill      XL: |  1  2  3  4  5  6 |
---------------+-------------------+-----
Hexes          | 4 5 |  5.0
Stealth        | 6 7 |  7.1
Spellcasting   | 3 |  3.0
Short Blades   | 4 6 |  6.3
Fighting       | |  0.7
Dodging        | |  2.6

Action                   |  1- 3 |  4- 6 |  7- 9 || total
-------------------------+-------+-------+-------++-------
Melee: Dagger            |    98 |    86 |     6 ||   190
       Punch             |     1 |     2 |       ||     3
Throw: Boomerang         |       |     3 |       ||     3
 Cast: Ensorcelled Hiber |    43 |    45 |     3 ||    91
  Use: Scroll            |       |     7 |       ||     7
 Stab: Sleeping          |    31 |    26 |     3 ||    60
       Distracted        |     1 |     1 |       ||     2
Armor: Robe              |     9 |     4 |     1 ||    14
Dodge: Dodged            |    77 |    69 |     6 ||   152
